 Dungeon Crawl Stone Soup version 0.31-a0-95-g6fa058ef04 (webtiles) character file.

Game seed: 9723805335224585623

1657188 ebarrett the Impregnable (level 27, 279/279 HPs)
             Began as an Armataur Delver on May 25, 2023.
             Was an Initiate of Gozag.
             Escaped with the Orb
             ... and 3 runes!
             The game lasted 05:33:52 (72696 turns).

ebarrett the Impregnable (Armataur Delver)         Turns: 72696, Time: 05:33:53

Health: 279/279    AC: 61    Str: 35    XL:     27
Magic:  32/32      EV:  9    Int: 24    God:    Gozag
Gold:   2643       SH: 24    Dex: 17    Spells: 26/26 levels left

rFire   + + +        a - +6 demon trident (spect)
rCold   + . .        s - +2 tower shield of Bibbaum {*Corrode rElec rN+++ Str+6}
rNeg    + + +        i - +12 gold dragon scales
rPois   +            p - +2 hat "Azerch Setai" {rElec rF+ Dex-3 Slay+3}
rElec   +            r - +2 cloak {rCorr}
rCorr   +            t - +2 pair of gloves {hurl}
SInv    +            O - +4 barding
Will    +++..        M - amulet "Gasivvaj" {Spirit MP+9 Dex+2 SInv} Stlth
                     S - ring of Midsummer {*Corrode rElec Will+ Int+6 Dex+5}
HPRegen 0.66/turn    b - ring "Vaulagudgh" {rPois rF+ AC+4 Int+6}
MPRegen 0.23/turn

%: corrode self (6%), guardian spirit, roll
@: glowing, studying 6 skills, bribing [the Dungeon, the Realm of Zot]
A: large, rugged brown scales 3, deformed body, armoured tail, roll, long
tongue, awkward tongue
0: Orb of Zot
}: 3/15 runes: decaying, silver, gossamer
a: Renounce Religion, Potion Petition, Call Merchant, Bribe Branch


You escaped.
You worshipped Gozag.
Gozag was most pleased with you.
You visited 10 branches of the dungeon, and saw 50 of its levels.
You also visited: Trove, Sewer, Gauntlet and Desolation.

You collected 27634 gold pieces.
You spent 5886 gold pieces at shops.
You paid 19105 gold pieces to Gozag.

Inventory:

Hand Weapons
 a - a +6 spectral demon trident (weapon)
Missiles
 n - 3 silver javelins
 z - 7 javelins
 H - 5 curare-tipped darts (quivered)
 X - 12 boomerangs
Armour
 i - +12 gold dragon scales (worn)
 p - the +2 hat "Azerch Setai" (worn) {rElec rF+ Dex-3 Slay+3}
   (You found it on level 2 of the Orcish Mines)

   Dex:       It affects your dexterity (-3).
   Slay:      It affects your accuracy & damage with ranged weapons and melee
   (+3).
   rF:        It protects you from fire.
   rElec:     It insulates you from electricity.
 r - a +2 cloak of preservation (worn)
 s - the +2 tower shield of Bibbaum (worn) {*Corrode rElec rN+++ Str+6}
   (You found it on level 3 of the Elven Halls)

   Str:       It affects your strength (+6).
   rElec:     It insulates you from electricity.
   rN:        It renders you almost immune to negative energy.
   *Corrode:  It may corrode you when you take damage.
 t - a +2 pair of gloves of hurling (worn)
 O - a +4 barding (worn)
Jewellery
 b - the ring "Vaulagudgh" (right hand) {rPois rF+ AC+4 Int+6}
   (You acquired it on level 5 of the Vaults)

   [ring of protection]

   AC:        It affects your AC (+4).
   Int:       It affects your intelligence (+6).
   rF:        It protects you from fire.
   rPois:     It protects you from poison.
 h - the ring "Neak" {rPois rC+ AC+4 Str+3 Dex-3}
   (You found it in the Desolation of Salt)

   [ring of protection]

   AC:        It affects your AC (+4).
   Str:       It affects your strength (+3).
   Dex:       It affects your dexterity (-3).
   rC:        It protects you from cold.
   rPois:     It protects you from poison.
 m - a +6 ring of strength
 B - a ring of protection from fire
 G - the ring "Vaaxuch" {rN+ rCorr Str+2}
   (You took it off a vault warden on level 5 of the Vaults)

   [ring of positive energy]

   Str:       It affects your strength (+2).
   rN:        It protects you from negative energy.
   rCorr:     It protects you from acid and corrosion.
 M - the amulet "Gasivvaj" (around neck) {Spirit MP+9 Dex+2 SInv}
   (You bought it in a shop on level 15 of the Dungeon)

   [amulet of guardian spirit]

   It causes incoming damage to be divided between your reserves of health and
   magic.
   Dex:       It affects your dexterity (+2).
   MP:        It affects your magic capacity (+9).
   SInv:      It lets you see invisible.
 P - a ring of willpower
 S - the ring of Midsummer (left hand) {*Corrode rElec Will+ Int+6 Dex+5}
   (You found it on level 4 of the Spider Nest)

   [ring of intelligence]

   Int:       It affects your intelligence (+6).
   Dex:       It affects your dexterity (+5).
   rElec:     It insulates you from electricity.
   *Corrode:  It may corrode you when you take damage.
   Will:      It increases your willpower.
 U - the ring "Joduggo" {rF+ rN+ Str+3}
   (You found it on level 5 of the Vaults)

   [ring of positive energy]

   Str:       It affects your strength (+3).
   rF:        It protects you from fire.
   rN:        It protects you from negative energy.
 Z - a +5 ring of evasion
Wands
 g - a wand of digging (19)
 u - a wand of roots (23)
 v - a wand of paralysis (34)
 R - a wand of light (30)
 T - a wand of mindburst (34)
Scrolls
 c - 4 scrolls of fog
 k - 3 scrolls of vulnerability
 x - 7 scrolls of fear
 y - 5 scrolls of magic mapping
 D - 13 scrolls of teleportation
 Q - 10 scrolls of poison
 V - 5 scrolls of immolation
 W - 5 scrolls of blinking
 Y - 6 scrolls of silence
Potions
 d - 13 potions of attraction
 e - 3 potions of cancellation
 f - 4 potions of haste
 j - 9 potions of might
 l - 10 potions of heal wounds
 o - 5 potions of ambrosia
 q - 10 potions of enlightenment
 A - 4 potions of resistance
 C - 16 potions of mutation
 I - 23 potions of curing
 J - 7 potions of invisibility
 L - 7 potions of magic
 N - 7 potions of brilliance
Miscellaneous
 w - a phial of floods
 E - a phantom mirror
 F - a lightning rod (4/4)
 K - a box of beasts


   Skills:
 - Level 24.2 Fighting
 - Level 2.9(7.9) Axes
 - Level 1.8(9.4) Maces & Flails
 - Level 11.3(14.0) Polearms
 - Level 13.9(15.8) Staves
 - Level 16.0 Throwing
 * Level 24.8 Armour
 - Level 12.7 Dodging
 - Level 5.4 Stealth
 * Level 19.4 Shields
 - Level 13.0 Evocations


You had 26 spell levels left.
You didn't know any spells.
Your spell library contained the following spells:

 Spells                   Type           Power      Damage    Failure   Level
 Foxfire                  Conj/Fire      0%         2x1d4     73%         1
 Kiss of Death            Conj/Necr      0%         2d5       73%         1
 Magic Dart               Conj           0%         1d3       73%         1
 Slow                     Hex            0%         N/A       73%         1
 Call Imp                 Summ           0%         N/A       86%         2
 Cigotuvi's Dreadful Rot  Necr/Pois/Air  0%         N/A       86%         2
 Lesser Beckoning         Tloc           0%         N/A       86%         2
 Passwall                 Tmut/Erth      0%         N/A       86%         2
 Poisonous Vapours        Pois/Air       0%         N/A       86%         2
 Searing Ray              Conj           0%         2d4       86%         2
 Static Discharge         Conj/Air       0%         2-2/arc   86%         2
 Sublimation of Blood     Necr           0%         N/A       86%         2
 Wereblood                Tmut           0%         N/A       86%         2
 Call Canine Familiar     Summ           0%         N/A       97%         3
 Confusing Touch          Hex            0%         N/A       97%         3
 Dazzling Flash           Conj/Hex       0%         N/A       97%         3
 Gell's Gravitas          Tloc           0%         N/A       97%         3
 Hailstorm                Conj/Ice       0%         3d3       97%         3
 Inner Flame              Hex/Fire       0%         N/A       97%         3
 Mephitic Cloud           Conj/Pois/Air  0%         N/A       97%         3
 Portal Projectile        Hex/Tloc       0%         N/A       97%         3
 Teleport Other           Tloc           0%         N/A       97%         3
 Tukima's Dance           Hex            0%         N/A       97%         3
 Vampiric Draining        Necr           0%         2d6       97%         3
 Vhi's Electric Charge    Tloc/Air       0%         N/A       97%         3
 Volatile Blastmotes      Fire/Tloc      0%         2d10      97%         3
 Airstrike                Air            0%         2d(0-16)  100%        4
 Anguish                  Hex/Necr       0%         N/A       100%        4
 Animate Armour           Summ/Erth      0%         N/A       100%        4
 Cause Fear               Hex            0%         N/A       100%        4
 Dispel Undead            Necr           0%         3d6       100%        4
 Flame Wave               Conj/Fire      0%         2d4       100%        4
 Fulminant Prism          Conj/Hex       0%         3d5       100%        4
 Ice Form                 Ice/Tmut       0%         N/A       100%        4
 Iskenderun's Mystic Bla  Conj/Tloc      0%         2d3       100%        4
 Leda's Liquefaction      Hex/Erth       0%         N/A       100%        4
 Manifold Assault         Tloc           0%         N/A       100%        4
 Petrify                  Tmut/Erth      0%         N/A       100%        4
 Sticky Flame             Conj/Fire      0%         2d3       100%        4
 Summon Ice Beast         Ice/Summ       0%         N/A       100%        4
 Summon Lightning Spire   Summ/Air       0%         N/A       100%        4
 Agony                    Necr           0%         N/A       100%        5
 Arcjolt                  Conj/Air       0%         1d10      100%        5
 Blade Hands              Tmut           0%         N/A       100%        5
 Borgnjor's Vile Clutch   Necr/Erth      0%         N/A       100%        5
 Fireball                 Conj/Fire      0%         3d3       100%        5
 Freezing Cloud           Conj/Ice/Air   0%         6-21      100%        5
 Lee's Rapid Deconstruct  Erth           0%         3d4*      100%        5
 Silence                  Hex/Air        0%         N/A       100%        5
 Summon Forest            Summ/Tloc      0%         N/A       100%        5
 Summon Mana Viper        Hex/Summ       0%         N/A       100%        5
 Conjure Ball Lightning   Conj/Air       0%         3x3d6     100%        6
 Death Channel            Necr           0%         N/A       100%        6
 Dispersal                Tloc           0%         N/A       100%        6
 Eringya's Noxious Bog    Tmut/Pois      0%         N/A       100%        6
 Leda's Unmaking          Conj/Erth      0%         9d1       100%        6
 Plasma Beam              Fire/Air       0%         2x1d11    100%        6
 Starburst                Conj/Fire      0%         6d3       100%        6
 Statue Form              Tmut/Erth      0%         N/A       100%        6
 Summon Cactus Giant      Summ           0%         N/A       100%        6
 Dragon Form              Tmut           0%         N/A       100%        7
 Enfeeble                 Hex            0%         N/A       100%        7
 Haunt                    Necr/Summ      0%         N/A       100%        7
 Monstrous Menagerie      Summ           0%         N/A       100%        7
 Storm Form               Tmut/Air       0%         N/A       100%        7
 Summon Hydra             Summ           0%         N/A       100%        7
 Borgnjor's Revivificati  Necr           0%         N/A       100%        8
 Disjunction              Tloc           0%         N/A       100%        8
 Ignition                 Fire           0%         3d3       100%        8
 Infestation              Necr           0%         N/A       100%        8
 Maxwell's Capacitive Co  Air            0%         ∞         100%        8
 Necromutation            Tmut/Necr      0%         N/A       100%        8
 Summon Horrible Things   Summ           0%         N/A       100%        8
 Death's Door             Necr           0%         N/A       100%        9
 Dragon's Call            Summ           0%         N/A       100%        9
 Shatter                  Erth           0%         3d5*      100%        9
 Animate Dead             Necr           Unusable   N/A       N/A         4
 Simulacrum               Ice/Necr       Unusable   N/A       N/A         6

Dungeon Overview and Level Annotations

Branches:
Dungeon (15/15)            Temple (0/1) D:5            Lair (5/5) D:11
  Swamp (4/4) Lair:3       Spider (4/4) Lair:3        Slime (0/5) Lair:5
    Orc (2/2) D:9             Elf (3/3) Orc:2        Vaults (5/5) D:14
  Crypt (3/3) Vaults:3     Depths (4/4) D:15            Zot (5/5) Depths:4
  Sewer (visited)         Desolation (visited)      Gauntlet (visited)
   Tomb: Crypt:3

Altars:
Ashenzari
Cheibriados
Elyvilon
Fedhas
Gozag
Hepliaklqana
Makhleb
Nemelex Xobeh
Qazlal
Ru
Sif Muna
Trog
Uskayaw
Vehumet
Xom
Yredelemnul
Zin
Jiyva
Lugonu

Shops:
D:1 (   D:3 (   D:15 =*   Orc:1 !   Orc:2 (**[[[[   Elf:1 =(   Elf:2 :
Vaults:1 :   Vaults:4 *!*!?(   Depths:3 (

Portals:
Hell: Depths:1 Depths:2 Depths:3 Depths:4
Abyss: Swamp:3 Depths:3
Pandemonium: Depths:1 Depths:2
Ziggurat: Depths:4

Annotations:
D:9 Psyche
D:11 exclusion: 2 doors
Elf:2 3 runed translucent doors
Vaults:2 2 transporters
Crypt:3 exclusion: door
Depths:2 exclusion: door
Zot:4 Vv


Innate Abilities, Weirdness & Mutations

You are completely covered in rugged brown scales. (AC +3, +7% HP)
Armour fits poorly on your strangely shaped body.
You have a long armoured tail.
You roll when moving toward enemies. (Rampage)
Your long tongue fully drains potion bottles. (2x potion effects)
Your tongue gives you trouble enunciating. (1.5x scroll delay)


Message History

The ynoxinul stares, then turns away, jangling a coin purse.
A ynoxinul comes into view.
(D) Dungeon (T) Temple (L) Lair (S) Swamp (N) Spider Nest (M) Slime Pits (O) Orcish Mines (E) Elven Halls (V) Vaults (C) Crypt (U) Depths (H) Hell (Z) Zot
Where to? (Enter - D:5 @ (x,y), ? - help)
There is a stone staircase leading up here.
You climb upwards.
Your summoned allies are left behind.
Your angel dissolves into sparkling lights!
Your daeva dissolves into sparkling lights!
Your angel dissolves into sparkling lights!
There is a stone staircase leading down here.
There is a stone staircase leading up here.
You climb upwards.
There is a stone staircase leading down here.
Aiming: Dig
Press: ? - help, Shift-Dir - straight line A rock wall.
This square is lit by a halo and is covered in magical glow.
The rock shatters into small pieces.
There is a stone staircase leading up here.
You climb upwards.
There is a stone staircase leading down here.
There is a stone staircase leading up here.
You climb upwards.
There is a stone staircase leading down here.
Your Executioner grins greedily, jangling a coin purse.
An Executioner comes into view.
Okay, then.
Aiming: Dig
Press: ? - help, Shift-Dir - straight line A rock wall.
This square is lit by a halo and is covered in magical glow.
The rock shatters into small pieces.
You swap places.
You swap places.
There is a staircase leading out of the dungeon here.
Enter note: cool bodyguard You have escaped!

.......# #.##............#
######## #.##..##+####...#
######### #.##..##...##...#
........# #.....#.###.#...#
........# #.#...#.#⌠'.'...#
........# #.#...#.###.#...#
........# #.#...##...##...#
........####.##..#######...#
.............##.@..........#
.÷...........##A...........#
.....###.....#1#########...#
.....# #......### #####
.....# #........# .....#
#........# ....## ####.....#
.....## ###.....#
......###.......#


You could see a friendly seraph and a friendly Executioner.

Vanquished Creatures
  An ancient lich (Vaults:5)
  An orb of fire (Zot:5)
  A juggernaut (Depths:1)
  Parghit (Depths:3)
  Boris (thrice) (Crypt:2 Crypt:3 Vaults:5)
  Saint Roka (Orc:2)
  A caustic shrike (shapeshifter) (Vaults:4)
  Jory (Crypt:2)
  Nikola (Swamp:2)
  A profane servitor (Depths:3)
  2 bone dragons (Crypt:3)
  7 golden dragons
  Zenata (Vaults:2)
  A hellephant (Depths:3)
  Rupert (Orc:2)
  An Ice Fiend (Depths:1)
  7 tentacled monstrosities
  6 liches
  9 Orb Guardians
  Asterion (Elf:2)
  3 quicksilver dragons (Depths:3)
  A titan (Vaults:5)
  A walking frostbound tome (Depths:4)
  Frances (D:14)
  4 sphinxes
  An Executioner (Depths:3)
  6 ancient champions
  7 death cobs
  2 thorn hunters
  The ghost of Daifof the Impaler, an adept MfFi of Hepliaklqana (Spider:1)
  6 shadow dragons
  7 tengu reavers
  2 draconian monks
  Donald (Crypt:1)
  2 revenants
  9 storm dragons
  2 draconian knights
  A fenstrider witch (Swamp:3)
  6 fire giants
  3 draconian scorchers
  7 frost giants
  An imperial myrmidon (Desolation)
  3 iron dragons
  4 ghost moths
  7 deep elf sorcerers
  A caustic shrike zombie (Crypt:1)
  2 balrugs
  9 emperor scorpions
  7 ghouls
  A deep elf elementalist (Elf:3)
  2 draconian stormcallers
  8 vault wardens
  7 very ugly things
  2 draconian annihilators
  4 orc warlords
  3 spriggan defenders
  18 ironbound preservers
  A broodmother (Spider:4)
  5 war gargoyles
  18 stone giants
  11 vampire knights
  2 green draconians
  10 black draconians
  5 deep elf demonologists
  8 ironbound thunderhulks
  7 eleionomae
  13 deep elf annihilators
  5 yellow draconians
  2 spark wasps
  6 grey draconians
  7 bunyips
  A purple draconian (Zot:1)
  2 lorocyprocas
  16 dire elephants
  10 red draconians
  2 eidola
  7 white draconians
  A green death (Depths:4)
  2 halazid warlocks (Desolation)
  Azrael (Orc:2)
  A formless jellyfish (Vaults:2)
  14 ettins
  5 crystal guardians
  6 deep elf death magi
  Snorg (Lair:4)
  4 great orbs of eyes
  5 entropy weavers
  9 fire dragons
  9 ragged hierophants (Desolation)
  4 shambling mangroves (Swamp:4)
  8 servants of whispers (Desolation)
  26 vault guards
  7 yaktaur captains
  17 jiangshi
  4 rakshasas
  21 hydras
  5 deep elf high priests
  11 peacekeepers
  4 spriggan air magi
  Erica (D:8)
  4 radroaches
  12 centaur warriors
  4 ice dragons
  A jorogumo (Spider:4)
  5 ogre magi
  22 two-headed ogres
  2 ironbound frosthearts (Vaults:2)
  7 boulder beetles
  4 ghost crabs
  10 dancing weapons
  4 death yaks (Lair:4)
  17 alligators
  2 catoblepae
  4 tengu warriors
  A satyr (shapeshifter) (Vaults:5)
  2 orc high priests (Orc:1)
  9 vampire magi
  9 spriggan berserkers
  Urug (Lair:1)
  2 spectral emperor scorpions (Spider:1)
  11 deep elf knights
  2 hell hogs (Depths:2)
  12 soul eaters
  3 deep troll earth magi
  8 sun demons
  23 hell knights
  3 shadow wraiths
  Nergalle (D:12)
  4 skysharks
  2 storm dragon skeletons
  5 iron trolls
  3 pharaoh ants
  A sixfirhy (Depths:2)
  9 skeletal warriors
  3 spectral spark wasps (Spider:1)
  6 spriggan druids
  A goliath frog (Swamp:1)
  2 glowing orange brains
  45 deep trolls
  10 bog bodies
  8 flayed ghosts
  17 orb spiders
  A spectral hydra (Swamp:4)
  3 swamp dragons
  7 steelbarb worms
  11 wizards
  An orb spider (shapeshifter) (Vaults:5)
  13 deep elf archers
  A tengu zombie (Depths:1)
  15 wolf spiders
  29 ironbound convokers
  3 harpies (Vaults:3)
  25 deep elf pyromancers
  11 phantasmal warriors
  21 lindwurms
  2 frost giant zombies
  2 wolf spider zombies
  Pikel (D:5)
  6 mana vipers (Depths:3)
  A fire giant zombie (Depths:2)
  25 deep elf zephyrmancers
  3 oklob plants (Swamp:4)
  3 orc sorcerers
  10 necromancers
  2 manticores
  A tengu skeleton (Vaults:4)
  14 orc knights
  2 will-o-the-wisps (Swamp:4)
  55 ugly things
  A shining eye (shapeshifter) (Vaults:5)
  A salamander (shapeshifter) (Vaults:5)
  2 cyclopes
  2 cyclopes (shapeshifter)
  Maurice (D:8)
  7 black mambas
  An eleionoma skeleton (Crypt:3)
  A fire giant skeleton (Depths:2)
  9 moths of wrath
  A stone giant skeleton (Depths:1)
  18 vault sentinels
  A centaur zombie (D:15)
  4 torpor snails
  A naga mage (D:15)
  2 iron dragon skeletons
  Joseph (D:7)
  7 demonic crawlers
  3 guardian serpents (Desolation)
  An emperor scorpion simulacrum (Spider:1)
  2 elf zombies (Vaults:4)
  2 gargoyles
  A white draconian zombie (Crypt:3)
  A smoke demon (Depths:2)
  A centaur skeleton (D:15)
  An unseen horror (D:11)
  7 cane toads
  21 yaktaurs
  Maggie (D:8)
  An unseen horror (shapeshifter) (D:10)
  An orb spider zombie (Crypt:1)
  5 rime drakes
  3 spark wasp simulacra
  An efreet (D:8)
  5 freezing wraiths
  2 ghost moth simulacra (Spider:1)
  An iron troll skeleton (Crypt:1)
  4 tengu conjurers
  A komodo dragon (shapeshifter) (Vaults:4)
  5 komodo dragons
  8 trolls
  2 hydra zombies (Swamp:4)
  A death drake zombie (Swamp:4)
  A sea snake skeleton (Crypt:1)
  14 tyrant leeches
  2 hellwings (Depths:2)
  4 polar bears (Lair:5)
  23 hornets
  Prince Ribbit (D:6)
  12 meliai
  63 saltlings
  3 raiju (shapeshifter)
  20 tarantellas
  37 blink frogs
  A tarantella zombie (Crypt:3)
  3 hydra skeletons (Swamp:4)
  12 dream sheep
  30 slime creatures
  A death drake skeleton (Swamp:4)
  A dream sheep (shapeshifter) (Vaults:4)
  A centaur simulacrum (D:15)
  A guardian serpent skeleton (Crypt:2)
  A spriggan (shapeshifter) (Vaults:5)
  2 shadows
  21 culicivoras
  3 flying skulls (Crypt:3)
  18 jumping spiders
  A spriggan skeleton (Depths:2)
  4 water elementals
  8 wraiths
  A black mamba zombie (Crypt:1)
  23 spriggans
  A human (D:12)
  2 large abominations (Depths:3)
  A vampire (D:11)
  A wyvern (shapeshifter) (Vaults:4)
  5 fire elementals
  A hog (D:12)
  7 basilisks
  Grum (D:9)
  7 wyverns
  A fire bat (shapeshifter) (D:8)
  35 yaks
  52 redbacks
  A steam dragon (D:9)
  5 vampire mosquitoes
  4 ushabtiu (Desolation)
  14 swamp worms
  5 wargs
  5 acid dragons
  5 hell hounds
  5 hydra simulacra (Swamp:4)
  Duvessa (D:5)
  17 water moccasins
  5 swamp drakes
  2 sky beasts
  37 orc warriors
  A radroach simulacrum (Spider:1)
  2 black bears (Lair:5)
  4 ice beasts
  A swamp dragon zombie (Swamp:4)
  A torpor snail zombie (Crypt:1)
  59 wolves
  29 ogres
  6 boggarts
  8 centaurs
  A swamp dragon skeleton (Swamp:4)
  A centaur (shapeshifter) (Vaults:5)
  6 kobold brigands
  A scorpion (D:6)
  12 bullfrogs
  3 necrophages
  An earth elemental (Elf:2)
  A komodo dragon skeleton (Crypt:3)
  6 wights
  Dowan (D:5)
  A warg skeleton (Crypt:2)
  3 killer bees (D:9)
  3 jellies
  8 howler monkeys
  3 electric eels (D:11)
  A bullfrog zombie (Crypt:2)
  A crimson imp (Orc:2)
  3 lava snakes (Lair:4)
  6 hounds
  2 gnoll boudas
  A basilisk zombie (Crypt:3)
  29 orc priests
  An iron imp (Orc:2)
  5 sleepcaps
  Jessica (D:2)
  Ijyb (D:5)
  Terence (D:2)
  Natasha (D:2)
  19 orc wizards
  4 hell rats (D:15)
  5 mummies (Crypt:3)
  Robin (D:2)
  13 gnolls
  5 river rats
  7 adders
  A swamp drake skeleton (Crypt:1)
  2 shadow imps
  A white imp (Orc:2)
  2 ufetubi (D:6)
  A lava snake skeleton (Crypt:2)
  6 worms
  3 dart slugs
  110 orcs
  10 ball pythons
  6 bats
  9 endoplasms
  2 giant cockroaches (D:3)
  11 hobgoblins
  9 jackals
  10 quokkas
  A ball python skeleton (Crypt:2)
  9 frilled lizards
  13 goblins
  A hobgoblin zombie (Crypt:1)
  A jackal skeleton (Crypt:3)
  23 kobolds
  A kobold skeleton (Crypt:2)
  19 rats
  A rat skeleton (Crypt:3)
  A lurking horror (Swamp:3)
  A spectral weapon (Elf:3)
2269 creatures vanquished.

Vanquished Creatures (collateral kills)
  2 golden dragons
  An electric golem (Zot:5)
  A tentacled monstrosity (Zot:1)
  2 Orb Guardians (Zot:5)
  2 death cobs (Zot:3)
  A storm dragon (Zot:1)
  A draconian knight (Zot:1)
  A draconian scorcher (Zot:1)
  2 draconian shifters (Zot:1)
  A draconian stormcaller (Zot:1)
  A draconian annihilator (Zot:3)
  2 grey draconians (Zot:3)
  4 red draconians (Zot:3)
  A purple draconian (Zot:3)
  2 yellow draconians
  A sun demon (D:5)
25 creatures vanquished.

Vanquished Creatures (others)
  A dread lich (Zot:5)
  An ancient lich (Zot:5)
  A Killer Klown (Zot:5)
  An electric golem (Zot:5)
  2 tentacled monstrosities
  5 Orb Guardians (Zot:5)
  A quicksilver dragon (Zot:5)
  A death cob (Zot:3)
  A sphinx (Zot:5)
  2 draconian monks (Zot:3)
  2 draconian knights
  A draconian annihilator (Zot:1)
  A draconian stormcaller (Zot:1)
  A black draconian (Zot:3)
  3 yellow draconians
  2 red draconians
  3 white draconians
  2 green draconians
  A great orb of eyes (Zot:5)
  A red devil (Zot:5)
  2 bloated husks
  An orc wizard (Orc:2)
  An orc (Orc:2)
  4 foxfires (Swamp:4)
  A lurking horror (Swamp:3)
  64 spectral weapons
106 creatures vanquished.

Grand Total: 2400 creatures vanquished

Notes
Turn   | Place    | Note
-------+----------+-------------------------------------------
     0 | D:5      | ebarrett the Armataur Delver began the quest for the Orb.
     0 | D:5      | Reached XP level 1. HP: 19/19 MP: 1/1
    12 | D:5      | Noticed a hound
    78 | D:4      | Noticed an orc warrior
   156 | D:4      | Found a basalt altar of Yredelemnul.
   156 | D:4      | Found a radiant altar of Vehumet.
   263 | D:3      | Reached XP level 2. HP: 16/27 MP: 2/2
   669 | D:1      | Reached XP level 3. HP: 24/35 MP: 3/3
   730 | D:1      | Found Biokhasu's Weapon Boutique.
  1337 | D:2      | Noticed Natasha
  1567 | D:2      | Reached XP level 4. HP: 32/42 MP: 4/4
  1900 | D:2      | Noticed Jessica
  2019 | D:2      | Noticed Terence
  2209 | D:2      | Noticed Robin
  2524 | D:2      | Killed Robin
  3187 | D:3      | Found Qugesu Raamo's Antique Weapon Shoppe.
  3260 | D:3      | Reached skill level 1 in Axes
  3550 | D:4      | Killed an orc warrior
  3551 | D:4      | Reached skill level 1 in Armour
  3551 | D:4      | Reached XP level 5. HP: 50/50 MP: 5/5
  3554 | D:4      | Found a bloodstained altar of Trog.
  3575 | D:4      | Found a shimmering blue altar of Sif Muna.
  3615 | D:4      | Noticed an ogre
  4646 | D:5      | Reached XP level 6. HP: 55/56 MP: 6/6
  4804 | D:5      | Noticed an ice beast
  4890 | D:5      | Noticed Ijyb
  4905 | D:5      | Noticed Pikel
  4915 | D:5      | Killed Ijyb
  4991 | D:5      | Killed Pikel
  4992 | D:5      | Reached skill level 5 in Fighting
  4992 | D:5      | Reached XP level 7. HP: 46/65 MP: 7/7
  5148 | D:5      | Reached skill level 1 in Evocations
  5178 | D:5      | Found an opulent altar of Gozag.
  5185 | D:5      | Found a glowing silver altar of Zin.
  5190 | D:5      | Found a broken altar of Ashenzari.
  5201 | D:5      | Found a white marble altar of Elyvilon.
  5208 | D:5      | Found a snail-covered altar of Cheibriados.
  5213 | D:5      | Found a shimmering altar of Xom.
  5221 | D:5      | Found a hide-covered altar of Uskayaw.
  5236 | D:5      | Became a worshipper of Gozag Ym Sagoz the Greedy
  5275 | D:5      | Noticed Duvessa
  5275 | D:5      | Noticed Dowan
  5677 | D:4      | Got Sif Muna's Volume of Effluvium
  5944 | D:4      | Reached XP level 8. HP: 74/74 MP: 8/8
  6301 | D:2      | Killed Natasha
  6443 | D:2      | Killed Jessica
  6576 | D:2      | Killed Terence
  7357 | D:5      | Found a staircase to the Ecumenical Temple.
  7444 | D:5      | Killed Dowan
  7446 | D:5      | Killed Duvessa
  7604 | D:3      | Bought a runed lajatang for 432 gold pieces
  7676 | D:3      | Reached skill level 1 in Staves
  7850 | D:6      | Found a sparkling altar of Nemelex Xobeh.
  7938 | D:6      | Noticed Prince Ribbit
  7972 | D:6      | Killed Prince Ribbit
  7973 | D:6      | Reached skill level 5 in Staves
  7973 | D:6      | Reached XP level 9. HP: 35/83 MP: 9/9
  8125 | D:6      | Identified the +7 dagger "Ceitis" {vamp, *Corrode rElec
                  | Dex+3}
  8152 | D:6      | Found a glowing drain.
  8159 | Sewer    | Entered a sewer
  9230 | D:6      | Identified the +0 helmet of the Bulwark {Dex+3 Slay+3}
 10010 | D:7      | Identified a scroll of acquirement
 10011 | D:7      | Acquired a manual of Staves
 10056 | D:7      | Noticed Joseph
 10069 | D:7      | Killed Joseph
 10535 | D:8      | Noticed Erica
 10568 | D:8      | Found a burning altar of Makhleb.
 10579 | D:8      | Found a stormy altar of Qazlal.
 10697 | D:8      | Reached XP level 10. HP: 92/92 MP: 10/10
 10714 | D:8      | Reached skill level 10 in Staves
 10766 | D:8      | Noticed a two-headed ogre
 10775 | D:8      | Killed a two-headed ogre
 10850 | D:8      | Killed Erica
 11044 | D:8      | Noticed a gargoyle
 11200 | D:8      | Noticed Maggie
 11204 | D:8      | Killed Maggie
 11259 | D:8      | Noticed a white ugly thing
 11364 | D:8      | Noticed Maurice
 11420 | D:8      | Killed Maurice
 11428 | D:8      | Killed a gargoyle
 11444 | D:8      | Noticed a cyclops
 11450 | D:8      | Killed a cyclops
 11523 | D:8      | Noticed a centaur warrior
 11534 | D:8      | Reached XP level 11. HP: 101/101 MP: 11/11
 11553 | D:8      | Killed a white ugly thing
 11698 | D:8      | Killed a centaur warrior
 12189 | D:9      | Noticed Grum
 12267 | D:9      | Noticed Psyche
 12326 | D:9      | Found a sacrificial altar of Ru.
 12430 | D:9      | Found a staircase to the Orcish Mines.
 12645 | D:9      | Killed Grum
 13147 | D:10     | Entered Level 10 of the Dungeon
 14129 | D:10     | Noticed a two-headed ogre
 14131 | D:10     | Killed a two-headed ogre
 14620 | D:11     | Reached skill level 5 in Evocations
 14671 | D:11     | Found a gate leading to a gauntlet.
 14698 | D:11     | Reached skill level 10 in Fighting
 14717 | Gauntlet | Entered a Gauntlet
 14717 | Gauntlet | Found a large runed translucent door.
 14717 | Gauntlet | Found a large runed translucent door.
 14717 | Gauntlet | Found a large runed translucent door.
 14717 | Gauntlet | Found a large runed translucent door.
 14717 | Gauntlet | Found a large runed translucent door.
 14717 | Gauntlet | Found a transporter.
 14717 | Gauntlet | Found a large runed translucent door.
 14717 | Gauntlet | Found a large runed translucent door.
 14717 | Gauntlet | Found a large runed translucent door.
 14717 | Gauntlet | Found a runed translucent door.
 14717 | Gauntlet | Found a runed translucent gate.
 14717 | Gauntlet | Found a runed translucent gate.
 14717 | Gauntlet | Found a transporter.
 14717 | Gauntlet | Found a transporter.
 14718 | Gauntlet | Found a runed translucent door.
 14718 | Gauntlet | Found a runed translucent gate.
 14728 | Gauntlet | Noticed a fire crab
 14733 | Gauntlet | Found a transporter.
 14734 | Gauntlet | Found a transporter.
 14737 | Gauntlet | Found a transporter.
 14739 | Gauntlet | Noticed a sixfirhy
 14741 | Gauntlet | Noticed a wizard
 14743 | Gauntlet | Found a transporter.
 14745 | Gauntlet | Found a transporter.
 14746 | Gauntlet | Found a transporter.
 14748 | Gauntlet | Found a transporter.
 14757 | Gauntlet | Noticed a necromancer
 14762 | Gauntlet | Noticed a death yak
 14763 | Gauntlet | Found a transporter.
 14765 | Gauntlet | Found a transporter.
 14769 | Gauntlet | Noticed a death yak
 14824 | Gauntlet | Found a large runed translucent door.
 14824 | Gauntlet | Found a large runed translucent door.
 14824 | Gauntlet | Found a large runed translucent door.
 14824 | Gauntlet | Found a large runed translucent door.
 14825 | Gauntlet | Found a large runed translucent door.
 14825 | Gauntlet | Found a large runed translucent door.
 14826 | Gauntlet | Found a large runed translucent door.
 14826 | Gauntlet | Found a large runed translucent door.
 14858 | Gauntlet | Noticed a death yak
 15115 | D:11     | Noticed a purple ugly thing
 16050 | D:11     | Killed a purple ugly thing
 16051 | D:11     | Reached XP level 12. HP: 96/114 MP: 12/12
 16560 | D:11     | Found a staircase to the Lair.
 16838 | Lair:1   | Entered Level 1 of the Lair of Beasts
 16839 | Lair:1   | hi
 17173 | Lair:1   | Noticed Urug
 17193 | Lair:1   | Killed Urug
 17500 | Lair:1   | You fall into a shaft and drop 1 floor!
 17502 | Lair:2   | Noticed an eight-headed hydra
 18862 | Lair:2   | Reached skill level 10 in Armour
 19251 | Lair:2   | Reached XP level 13. HP: 126/127 MP: 13/13
 20270 | Lair:3   | Found a hole to the Spider Nest.
 21141 | Lair:3   | Found a staircase to the Swamp.
 21624 | Lair:4   | Found a runed translucent door.
 21827 | Lair:4   | Noticed Snorg
 21841 | Lair:4   | Killed Snorg
 22482 | Lair:5   | Entered Level 5 of the Lair of Beasts
 22836 | Lair:5   | Reached XP level 14. HP: 136/142 MP: 14/14
 23398 | Lair:5   | Found a staircase to the Slime Pits.
 23398 | Lair:5   | Found a viscous altar of Jiyva.
 23489 | Lair:5   | Reached skill level 15 in Fighting
 24379 | Lair:5   | Reached skill level 5 in Dodging
 25085 | Orc:1    | Entered Level 1 of the Orcish Mines
 25191 | Orc:1    | Found a transporter.
 25197 | Orc:1    | Noticed an orc warlord
 25203 | Orc:1    | Found a transporter.
 25319 | Orc:1    | Found Vomam's Distillery.
 25327 | Orc:1    | Bought a potion of invisibility for 96 gold pieces
 25539 | Orc:2    | Entered Level 2 of the Orcish Mines
 25539 | Orc:2    | Noticed Azrael
 25585 | Orc:2    | Found a staircase to the Elven Halls.
 25778 | Orc:2    | Noticed Rupert
 25886 | Orc:2    | Killed Rupert
 25917 | Orc:2    | Identified the +2 hat "Azerch Setai" {rElec rF+ Dex-3
                  | Slay+3}
 25917 | Orc:2    | Identified the +2 hat "Okhluemuo" {rF++ Int+2}
 26065 | Orc:2    | Noticed Saint Roka
 26584 | Orc:2    | Killed Azrael
 27373 | Orc:2    | Killed Saint Roka
 27724 | Orc:2    | Reached XP level 15. HP: 126/150 MP: 15/15
 28094 | Orc:2    | Reached skill level 15 in Armour
 28377 | Orc:2    | Found Qezode Pioh's Weapon Boutique.
 28377 | Orc:2    | Found Bymp's General Store.
 28377 | Orc:2    | Found Unicazic's Assorted Antiques.
 28377 | Orc:2    | Found Fofilo's Armour Shop.
 28397 | Orc:2    | Bought a scroll of enchant weapon for 172 gold pieces
 28725 | Orc:2    | Bought a potion of heal wounds for 60 gold pieces
 28728 | Orc:2    | Bought a scroll labelled EHEGGAXUTZ for 23 gold pieces
 28739 | Orc:2    | Bought a pair of glowing gloves for 172 gold pieces
 28755 | Orc:2    | Bought a translucent plate armour for 812 gold pieces
 28755 | Orc:2    | Identified the +5 plate armour of the Shore {rPois Regen+
                  | rCorr Stlth-} (You bought it in a shop on level 2 of the
                  | Orcish Mines)
 29633 | D:12     | Noticed Nergalle
 29641 | D:12     | Killed Nergalle
 30631 | D:13     | Found a hazy altar of Hepliaklqana.
 30726 | D:14     | Noticed Frances
 30733 | D:14     | Killed Frances
 31058 | D:14     | Found a radiant altar of Vehumet.
 31525 | D:14     | Found a gate to the Vaults.
 31765 | Orc:1    | Bought a potion of haste for 120 gold pieces
 31765 | Orc:1    | Bought a potion of invisibility for 96 gold pieces
 31765 | Orc:1    | Bought a potion of brilliance for 48 gold pieces
 31765 | Orc:1    | Bought a potion of haste for 120 gold pieces
 31950 | D:15     | Entered Level 15 of the Dungeon
 32449 | D:15     | Reached XP level 16. HP: 165/165 MP: 16/16
 32507 | D:15     | Found a staircase to the Depths.
 33110 | D:15     | Found Hiarimn's Gadget Gallery.
 33119 | D:15     | Bought a phial of floods for 480 gold pieces
 33119 | D:15     | Bought a phantom mirror for 480 gold pieces
 33119 | D:15     | Bought a box of beasts for 480 gold pieces
 33224 | D:15     | Bought the amulet "Gasivvaj" {Spirit MP+9 Dex+2 SInv} for
                  | 1093 gold pieces
 33676 | Spider:1 | Entered Level 1 of the Spider Nest
 34166 | Spider:1 | Found a runed translucent gate.
 34168 | Spider:1 | Found a runed translucent gate.
 34169 | Spider:1 | Found a runed translucent gate.
 34170 | Spider:1 | Noticed Daifof's ghost (adept MfFi)
 36295 | Spider:3 | Reached skill level 10 in Evocations
 36530 | Spider:3 | Acquired 762 gold pieces
 36977 | Spider:4 | Entered Level 4 of the Spider Nest
 37046 | Spider:4 | Identified the ring of Midsummer {*Corrode rElec Will+
                  | Int+6 Dex+5}
 37716 | Spider:4 | Reached XP level 17. HP: 165/176 MP: 17/17
 38993 | Spider:4 | Got a gossamer rune of Zot
 39470 | Spider:1 | Killed Daifof's ghost
 39537 | Spider:1 | Identified the +0 cloak of the Gusle {rF+}
 39792 | Lair:4   | Found a runed translucent gate.
 39793 | Lair:4   | Identified the +5 whip of Vasa Viy {protect, +Blink rCorr
                  | Str+4}
 39794 | Lair:4   | Found a runed translucent gate.
 39794 | Lair:4   | Found a runed translucent gate.
 39794 | Lair:4   | Found a runed translucent gate.
 39794 | Lair:4   | Found a runed translucent gate.
 39796 | Lair:4   | Found a runed translucent gate.
 39877 | Lair:4   | Identified the amulet "Cuow" {Faith Fragile rPois rC+}
 40248 | Orc:1    | Identified the +0 helmet "Namakes" {Rampage +Inv Str+3
                  | Int+3}
 40489 | Swamp:1  | Entered Level 1 of the Swamp
 41524 | Swamp:2  | Noticed Nikola
 41547 | Swamp:2  | Killed Nikola
 41579 | Swamp:2  | Reached XP level 18. HP: 180/188 MP: 18/18
 41653 | Swamp:2  | Reached skill level 1 in Throwing
 42141 | Swamp:3  | Found a corrupted altar of Lugonu.
 42141 | Swamp:3  | Found a one-way gate to the infinite horrors of the Abyss.
 42551 | Swamp:3  | Reached skill level 5 in Throwing
 42722 | Swamp:4  | Entered Level 4 of the Swamp
 43778 | Swamp:4  | Found a basalt altar of Yredelemnul.
 43791 | Swamp:4  | Got a decaying rune of Zot
 43814 | Swamp:4  | Found a blossoming altar of Fedhas.
 44259 | Elf:1    | Entered Level 1 of the Elven Halls
 44315 | Elf:1    | Found Moewkot's Antique Weapon Shop.
 44422 | Elf:1    | Found a radiant altar of Vehumet.
 45305 | Elf:2    | Reached XP level 19. HP: 194/195 MP: 19/19
 45555 | Elf:2    | Noticed Asterion
 45562 | Elf:2    | Killed Asterion
 45563 | Elf:2    | Reached skill level 10 in Throwing
 45701 | Elf:2    | Found Owunlit's Tremendous Tomes.
 45786 | Elf:2    | Found a runed translucent gate.
 45787 | Elf:2    | Found a runed translucent gate.
 45790 | Elf:2    | Found a runed translucent gate.
 46038 | Elf:3    | Entered Level 3 of the Elven Halls
 46267 | Vaults:1 | Entered Level 1 of the Vaults
 46487 | Vaults:1 | Found a crumbling gateway.
 46515 | Desolati | Entered the Desolation of Salt
 46681 | Desolati | Identified the ring "Neak" {rPois rC+ AC+4 Str+3 Dex-3}
 46823 | Desolati | Reached skill level 1 in Polearms
 47227 | Desolati | Reached skill level 5 in Polearms
 47273 | Desolati | Got the Omnibus of Zombies and Ensorcelling
 47281 | Desolati | Identified the +5 scale mail of Darkness {Dex+5}
 47446 | Desolati | Got Dispater's Vellum of the Phantasmal Cwm
 47505 | Desolati | Reached skill level 1 in Shields
 48051 | Vaults:1 | Found Ufifock's Book Shoppe.
 48708 | Vaults:2 | You fall into a shaft and drop 1 floor!
 48953 | Vaults:2 | Reached XP level 20. HP: 202/206 MP: 20/20
 49304 | Vaults:2 | Identified the +4 ring mail of Creativity {Rampage rCorr
                  | Dex+3}
 49474 | Vaults:2 | Noticed Zenata
 49683 | Vaults:2 | Killed Zenata
 50351 | Vaults:2 | Found a transporter.
 50390 | Vaults:2 | Found a transporter.
 51946 | Vaults:3 | Found a staircase to the Crypt.
 51974 | Vaults:3 | Reached skill level 10 in Polearms
 52632 | Vaults:4 | Noticed a caustic shrike
 52642 | Vaults:4 | Noticed a caustic shrike
 52657 | Vaults:4 | Killed a caustic shrike
 52708 | Vaults:4 | Found Nul Zocom's Distillery.
 52716 | Vaults:4 | Bought a potion of heal wounds for 80 gold pieces
 52716 | Vaults:4 | Bought a potion of haste for 160 gold pieces
 52716 | Vaults:4 | Bought a potion of heal wounds for 80 gold pieces
 52907 | Vaults:4 | Reached XP level 21. HP: 212/216 MP: 21/21
 53139 | Vaults:4 | Found Orhiasy's Distillery.
 53219 | Vaults:4 | Found Zute's Magic Scroll Shoppe.
 53230 | Vaults:4 | Bought a scroll of teleportation for 48 gold pieces
 53230 | Vaults:4 | Bought a scroll of teleportation for 48 gold pieces
 53505 | Vaults:4 | Found Fyobuff's Antique Weapon Boutique.
 53978 | Vaults:4 | Bought a scroll of fear for 96 gold pieces
 53978 | Vaults:4 | Bought a potion of heal wounds for 120 gold pieces
 54029 | Vaults:4 | Bought a scroll of blinking for 285 gold pieces
 54098 | Crypt:1  | Entered Level 1 of the Crypt
 54470 | Crypt:1  | Noticed Donald
 54493 | Crypt:1  | Killed Donald
 55426 | Crypt:2  | Noticed Jory
 55443 | Crypt:2  | Killed Jory
 55738 | Crypt:2  | Noticed Boris
 55744 | Crypt:2  | Killed Boris
 56420 | Crypt:3  | Entered Level 3 of the Crypt
 56506 | Crypt:3  | Noticed Boris
 56523 | Crypt:3  | Killed Boris
 56528 | Crypt:3  | Reached skill level 5 in Shields
 57401 | Crypt:3  | Noticed a dread lich
 57401 | Crypt:3  | Noticed a dread lich
 57404 | Crypt:3  | Identified the +0 storm dragon scales of the Moon {rElec
                  | rPois Regen+ Dex-4}
 57580 | Vaults:4 | Bought a scroll of enchant weapon for 285 gold pieces
 58181 | Elf:3    | Reached XP level 22. HP: 205/227 MP: 22/22
 59204 | Elf:3    | Identified the +1 glaive of Huckud {spect, rCorr Str+2}
 59204 | Elf:3    | Identified the ring "Dile" {rPois SInv}
 59419 | Elf:3    | Identified the +12 morningstar of Valour {holy, rCorr Str+3
                  | Dex+2}
 59848 | Elf:3    | Identified the +4 hand axe of Wrath {freeze, Str+3}
 59947 | Elf:3    | Identified the +1 flail of Conservatism {freeze, Str+4}
 59953 | Elf:3    | Identified the +5 flail of Evisceration {distort, rPois
                  | Stlth+}
 59959 | Elf:3    | Identified the +2 scale mail "Uxoch" {+Inv SInv}
 59969 | Elf:3    | Identified the +2 tower shield of Bibbaum {*Corrode rElec
                  | rN+++ Str+6}
 60435 | Depths:1 | Entered Level 1 of the Depths
 60789 | Depths:1 | Found a gateway to Hell.
 61046 | Depths:1 | Found a one-way gate leading to the halls of Pandemonium.
 61118 | Depths:1 | Noticed a juggernaut
 61132 | Depths:1 | Killed a juggernaut
 61133 | Depths:1 | Reached skill level 10 in Shields
 61541 | Depths:1 | Found a portal to a secret trove of treasure.
 61564 | Depths:1 | You paid a toll of 7 scrolls of fog to enter a treasure
                  | trove
 61565 | Trove    | Entered a treasure trove
 61579 | Trove    | Got Xyumelif's Omnibus of Well-Done Ouranomancy
 63316 | Depths:3 | Noticed Parghit
 63510 | Depths:3 | Killed Parghit
 64193 | Depths:3 | Reached XP level 23. HP: 200/236 MP: 23/23
 64281 | Depths:3 | Found Ririatuy's Weapon Boutique.
 64527 | Depths:3 | Found a hide-covered altar of Uskayaw.
 64752 | Depths:3 | Reached XP level 24. HP: 247/247 MP: 23/23
 64752 | Depths:3 | Reached XP level 25. HP: 253/253 MP: 23/23
 65279 | Depths:3 | Found a corrupted altar of Lugonu.
 65458 | Depths:3 | Found a runed translucent door.
 65508 | Depths:3 | Found a runed translucent door.
 65590 | Depths:4 | Entered Level 4 of the Depths
 66185 | Depths:4 | Found a one-way gateway to a ziggurat.
 66748 | Depths:4 | Found a gate to the Realm of Zot.
 68011 | Vaults:5 | Entered Level 5 of the Vaults
 68329 | Vaults:5 | Reached skill level 10 in Dodging
 68355 | Vaults:5 | Reached skill level 15 in Throwing
 68450 | Vaults:5 | Noticed Boris
 68630 | Vaults:5 | Identified the ring "Vaaxuch" {rN+ rCorr Str+2}
 68700 | Vaults:5 | Noticed an ancient lich
 68712 | Vaults:5 | Killed an ancient lich
 68713 | Vaults:5 | Reached XP level 26. HP: 268/271 MP: 23/23
 68889 | Vaults:5 | Found the +3 Elemental Staff {rElec rF+ rC+ AC+3}
 68896 | Vaults:5 | Got the Compilation of Quicksand and the Coward
 68902 | Vaults:5 | Identified the ring "Joduggo" {rF+ rN+ Str+3}
 68908 | Vaults:5 | Identified the staff of conjuration "Qejusan" {Stlth+}
 68961 | Vaults:5 | Identified the +0 scale mail "Hapseesh" {rF+ rC+ rN+ Int-2}
 69082 | Vaults:5 | Got a silver rune of Zot
 69116 | Vaults:5 | Identified the +1 chain mail of Gravitas {Will+ Dex+3}
 69446 | Vaults:5 | Killed Boris
 70117 | Vaults:5 | Identified the +0 hand axe "Transmigrator" {elec, rF+++
                  | Str-4 Int+2 Dex-4}
 70288 | Vaults:5 | Identified the staff of fire "Sore" {rF+ MP-9 Str-4 Int+6
                  | Stlth+}
 70350 | Vaults:5 | Acquired the ring "Vaulagudgh" {rPois rF+ AC+4 Int+6}
 70732 | Zot:1    | Entered Level 1 of the Realm of Zot
 71358 | Zot:4    | Noticed Vv
 71474 | Zot:5    | Entered Level 5 of the Realm of Zot
 71831 | Zot:5    | Noticed an orb of fire
 71839 | Zot:5    | Killed an orb of fire
 71872 | Zot:5    | Noticed an orb of fire
 71884 | Zot:5    | Noticed a dread lich
 71887 | Zot:5    | Killed an ancient lich
 71907 | Zot:5    | Killed a dread lich
 71913 | Zot:5    | Noticed an orb of fire
 71949 | Zot:5    | Reached XP level 27. HP: 261/279 MP: 23/23
 71952 | Zot:5    | Got the Orb of Zot
 71980 | Zot:5    | Noticed Nurharr the pandemonium lord
 72387 | D:14     | Noticed a seraph
 72695 | D:1      | cool bodyguard
 72696 | D:$      | Escaped with the Orb!

Illustrated notes #...# #...# #...## #.... #...# ##...+ #....## #.@..# ..Y.Y.......... ........h...... ....Y...h...... .Y...Y.hh...... ...........#### $ ####.......# #.....h.h Turn 16839 on Lair:1: hi

.......# #.##............#
######## #.##..##+####...#
######### #.##..##...##...#
........# #.....#.###.#...#
........# #.#...#.#⌠'.'...#
........# #.#...#.###.#...#
........# #.#...##...##...#
........####.##..#######...#
.............##.@..........#
.÷...........##A...........#
.....###.....#1#########...#
.....# #......### #####
.....# #........# .....#
#........# ....## ####.....#
.....## ###.....#
......###.......#


Turn 72695 on D:1: cool bodyguard

Levels and vault maps discovered:
D:1:      minmay_arrival_stone_box, layout_basic, serial_shops, shop,
          kennysheep_crisscross
D:2:      layout_basic, uniq_robin, uniq_natasha, uniq_jessica, uniq_terence
D:3:      layout_basic, serial_shops, shop, chequers_jeans, hellmonk_no_cap
D:4:      layout_basic, nzn_overflow_gifts_of_might_and_magic,
          jmf_multi_god_temple
D:5:      layout_basic, grunt_temple_overflow_octagram,
          minmay_temple_entry_enclosed_plants, uniq_ijyb, uniq_duvessa,
          uniq_pikel
D:6:      layout_loops_ring, overflow_temple_1_default,
          lightli_sewer_entry_pipes, uniq_prince_ribbit1
D:7:      layout_loops_cross, minmay_misc_feat_five, kennysheep_generic_room_2,
          uniq_joseph
D:8:      minmay_tri_box, layout_rooms, mainiacjoe_overflow_large_starburst,
          uniq_erica, uniq_maurice, uniq_maggie
D:9:      layout_basic, nicolae_ru_path_of_blood, minmay_orc_entry_guard_dogs,
          minmay_crystal_room, nicolae_figureground_sparkle, uniq_psyche,
          uniq_grum
D:10:     layout_grid_maze
D:11:     layout_irregular_city, erik_lair_island, gauntlet_entry_generic
D:12:     layout_long_grid, grunt_livestock, uniq_nergalle
D:13:     layout_roguey [special_room_orc], minmay_strange_pillars,
          worldfamousw_hep_ancestral_shrine
D:14:     layout_long_grid, david_vaults_1, nicolae_vehumet_radiance,
          uniq_frances
D:15:     grunt_enter_depths_magical_seal, layout_basic, special_room
          [special_room_mythical_zoo], minmay_misc_feat_tiny,
          minmay_misc_feat_diagonals, nicolae_shop_gadgets
Lair:1:   layout_regular_city, serial_bayou_shore_b, uniq_urug
Lair:2:   layout_gridlike
Lair:3:   layout_regular_city, palyth_hydra_swamp_entry, spider_nest_entry_webs
Lair:4:   gammafunk_indiana_jones, layout_cave_pods, uniq_snorg
Lair:5:   minmay_lair_end_enchanted_forest, layout_cave_pods,
          minmay_slime_entry_pillars, minivault_19, minivault_26,
          minmay_shattered_shrine
Swamp:1:  layout_basic_swamp, serial_swamp_ruin, evilmike_swamp_ruin_house_3,
          evilmike_swamp_ruin_house_1
Swamp:2:  cheibrodos_swamp_tower_of_moss, layout_basic_swamp,
          evilmike_swamp_ruin_rubble_2, swamp_pool1, uniq_nikola
Swamp:3:  layout_basic_swamp, evilmike_swamp_ruin_house_2, swamp_pool4,
          amcnicky_altar_lugonu_corruption
Swamp:4:  byrel_swamp_growth_death_and_undeath, layout_basic_swamp, swamp_pool1,
          nicolae_swamp_oxbows
Spider:1: layout_spider_delve, gammafunk_ghost_necromancy,
          hangedman_spider_tarantella_strand
Spider:2: layout_spider_delve, nicolae_orb_stairs
Spider:3: layout_spider_delve, hellmonk_test_site
Spider:4: grunt_spider_rune_circles
Orc:1:    gammafunk_beogh_shrine, layout_diamond_mine, serial_shops,
          nicolae_square_shop, mines1_david
Orc:2:    st_orc_ogre_mass, layout_diamond_mine, hangedman_minor_magic,
          uniq_rupert, uniq_saint_roka, uniq_azrael
Elf:1:    layout_gridlike, serial_shops, shop, basic_altar,
          hangedman_elf_represent, drop_trap, nicolae_elf_w_pinch,
          hangedman_elf_disciples
Elf:2:    elven_hall_of_blades_hangedman_original
          [nicolae_blade_entry_floor_patterns], layout_loops_ring, st_stairs_1,
          nicolae_shop_i_like_big_books, uniq_asterion
Elf:3:    minmay_elf_hall_dome, layout_gridlike
Vaults:1: portal_desolation_entry_nicolae_nacl, v_alt_pattern_1,
          nicolae_vaults_specimen_jars, nicolae_vaults_tangram_2,
          nicolae_vaults_little_squares_5, nicolae_vaults_wine_cellar,
          hangedman_vaults_pinch, hangedman_vaults_slice, v_misc_14,
          nicolae_vaults_cochlea, hangedman_vaults_trim, v_misc_14,
          nicolae_vaults_prndl, layout_vaults_ring, serial_shops,
          nicolae_book_shop_shelving
Vaults:2: nicolae_vaults_offset_grid_hallway_3, grunt_vaults_swirl,
          hangedman_vaults_maws, nicolae_vaults_hexular_roomagon, v_misc_22,
          gammafunk_its_a_trap, nicolae_vaults_oval_intersection,
          nicolae_vaults_little_squares_3, nicolae_vaults_storage_closets_3,
          vaults_mumra_minichess_inversion, nicolae_vaults_network_periphery,
          nicolae_vaults_layer_cake_slice, layout_vaults_omnibox, uniq_zenata
Vaults:3: hangedman_vaults_unwind, v_misc_19, v_rooms_6,
          hangedman_vaults_capsules, vaults_room_pool, hangedman_vaults_impose,
          nicolae_vaults_tetromino_Z_1, nicolae_vaults_little_squares_4,
          layout_vaults_omnigrid, minmay_crypt_entry_simple_round
Vaults:4: nicolae_vaults_turnstiles, nicolae_vaults_loss_of_containment,
          nicolae_vaults_tangram_2, nicolae_vaults_three_branches,
          hangedman_vaults_trim, vaults_dpeg_cross, vaults_room_large_hall,
          v_rooms_6, nicolae_vaults_mitosis, vaults_mumra_hex,
          hangedman_vaults_corner_blocks, layout_vaults_maze, serial_shops,
          shop, shop, nicolae_shop_stone, nicolae_shop_tiny_waterfront
Vaults:5: serial_shops
Crypt:1:  layout_gridlike, nicolae_crypt_soggy_tomb, st_stairs_3,
          grunt_crypt_arrival_split, uniq_donald
Crypt:2:  layout_rooms, palyth_stone_intersect, grunt_ministairs_8, uniq_jory,
          uniq_boris
Crypt:3:  david_glass_crypt, layout_chaotic_city,
          nicolae_tomb_entry_unfolded_pyramid_orthogonal
Depths:1: layout_gridlike, nicolae_trove_entry_diagonal, hangedman_geh_valley,
          rand_demon_pan_entry_9, kennysheep_opposing_triangles
Depths:2: evilmike_wizard_prison, layout_gridlike, hellmouth_3,
          rand_demon_pan_entry_4, serial_bayou_pond_b,
          infiniplex_staircase_split_hallway
Depths:3: cheibrodos_witchhunters_guild, layout_cave_pools, serial_shops, shop,
          nicolae_uskayaw_en_pointe, pf_coc_iceberg, abyss_entry_flame_altar,
          kennysheep_dice, uniq_parghit
Depths:4: evilmike_zot_entry_gauntlet, layout_cave_shapes, enter_ziggurat_d,
          hell_entry
Zot:1:    layout_misc_corridors, st_stairs_6, grunt_megastairs_5, uniq_josephina
Zot:2:    layout_cathedral_of_symmetry, grunt_ministairs_7
Zot:3:    ebering_greatest_show_in_zot, layout_onion, skrybe_zot_glass_1
Zot:4:    layout_cathedral_of_symmetry, lemuel_elevator, uniq_vv
Zot:5:    layout_cathedral_of_symmetry, grunt_ministairs_10

Skill      XL: |  1  2  3  4  5  6  7  8  9 10 11 12 13 14 15 16 17 18 19 20 21 22 23 24 25 26 27 |
---------------+----------------------------------------------------------------------------------+-----
Fighting       | 3 4 5 6 7 8 10 12 14 15 17 18 19 20 21 24 | 24.2
Axes           | 2 |  2.9
Armour         | 1 2 6 8 10 12 14 16 18 20 21 22 24 | 24.8
Evocations     | 2 4 5 7 8 9 10 11 12 13 | 13.0
Staves         | 5 9 13 | 13.9
Dodging        | 2 6 7 11 12 | 12.7
Throwing       | 9 10 11 12 13 15 16 | 16.0
Polearms       | 6 11 | 11.3
Shields        | 3 6 14 16 18 19 | 19.4
Maces & Flails | |  1.8
Stealth        | |  5.4

Action                     |  1- 3 |  4- 6 |  7- 9 | 10-12 | 13-15 | 16-18 | 19-21 | 22-24 | 25-27 || total
---------------------------+-------+-------+-------+-------+-------+-------+-------+-------+-------++-------
  Melee: Mace              |   106 |       |       |       |       |       |       |       |       ||   106
         Tailslap          |    17 |    19 |    70 |    74 |   203 |   342 |   462 |   124 |   248 ||  1559
         Hand axe          |    28 |    61 |       |       |       |       |       |       |       ||    89
         War axe           |       |    69 |       |       |       |       |       |       |       ||    69
         Trident           |       |    52 |   114 |       |       |       |       |       |       ||   166
         Punch             |       |       |     5 |       |       |       |       |       |       ||     5
         Lajatang          |       |       |   276 |   501 |  1152 |  1579 |  1868 |       |       ||  5376
         Flail             |       |       |    13 |       |       |       |       |       |       ||    13
         Quarterstaff      |       |       |       |       |    40 |    30 |       |       |       ||    70
         Demon trident     |       |       |       |       |       |       |    26 |   698 |  1131 ||  1855
   Fire: Orcbow            |       |       |       |    17 |       |       |       |       |       ||    17
  Throw: Dart              |       |    18 |    19 |    30 |    44 |     1 |     1 |       |     7 ||   120
         Throwing net      |       |     1 |       |       |       |       |       |       |       ||     1
         Boomerang         |       |       |       |       |     3 |    16 |       |    21 |   127 ||   167
 Invoke: Call Merchant     |       |       |       |       |     3 |     1 |     3 |       |       ||     7
         Bribe Branch      |       |       |       |       |       |       |       |       |     4 ||     4
  Evoke: Wand              |     1 |       |     8 |    15 |    24 |    12 |    17 |     5 |    19 ||   101
         Phial of floods   |       |       |       |       |       |     1 |     1 |       |       ||     2
         Phantom mirror    |       |       |       |       |       |     1 |     2 |     1 |       ||     4
         Box of beasts     |       |       |       |       |       |       |     1 |     1 |       ||     2
         Lightning rod     |       |       |       |       |       |       |       |       |     4 ||     4
    Use: Scroll            |     1 |     1 |    16 |     3 |    13 |     5 |    12 |    12 |    21 ||    84
         Potion            |       |     2 |     4 |       |     4 |     4 |     3 |     5 |     6 ||    28
   Stab: Sleeping          |    11 |    11 |    14 |    15 |     5 |       |       |       |       ||    56
         Distracted        |     2 |       |     6 |     7 |     8 |     7 |    10 |    23 |    43 ||   106
         Paralysed         |       |       |       |     7 |    11 |       |       |       |    23 ||    41
         Invisible         |       |       |       |       |     9 |       |       |     3 |       ||    12
 Armour: Leather armour    |    76 |    27 |       |       |       |       |       |       |       ||   103
         Ring mail         |       |    45 |       |       |       |       |       |       |       ||    45
         Robe              |       |       |    93 |    76 |       |       |       |       |       ||   169
         Steam dragon scal |       |       |       |    29 |    13 |       |       |       |       ||    42
         Plate armour      |       |       |       |       |   247 |   744 |   828 |   111 |       ||  1930
         Scale mail        |       |       |       |       |    80 |       |       |       |       ||    80
         Chain mail        |       |       |       |       |    13 |       |       |       |       ||    13
         Gold dragon scale |       |       |       |       |       |       |       |    16 |   288 ||   304
  Dodge: Dodged            |    80 |    88 |   126 |   200 |   304 |   350 |   368 |    80 |   103 ||  1699
  Block: Buckler           |       |       |       |       |       |       |     2 |     9 |       ||    11
         Tower shield      |       |       |       |       |       |       |       |   242 |   453 ||   695

Table legend: (Time is in decaauts)
 A = Elapsed time spent in this place.
 B = Non-inter-level travel time spent in this place.
 C = Inter-level travel time spent in this place.
 D = Time resting spent in this place.
 E = Time spent auto-exploring this place.
 F = Levels seen in this place.
 G = Mean time per level.
                   A        B        C        D        E       F      G
               +--------+--------+--------+--------+--------+-----+--------+
         Total |  69540 |  59892 |   9648 |   6092 |  31768 |  54 | 1287.8 |
       Dungeon |  21953 |  18217 |   3736 |   1615 |   9610 |  15 | 1463.5 |
          Lair |   8866 |   7406 |   1460 |    493 |   5051 |   5 | 1773.2 |
         Swamp |   3479 |   3151 |    328 |    258 |   1867 |   4 |  869.8 |
   Spider Nest |   5594 |   4931 |    663 |    603 |   2706 |   4 | 1398.5 |
  Orcish Mines |   4356 |   3406 |    950 |    560 |   1019 |   2 | 2178.0 |
   Elven Halls |   3933 |   3594 |    339 |    508 |   1997 |   3 | 1311.0 |
        Vaults |   8636 |   7642 |    994 |   1013 |   4428 |   5 | 1727.2 |
         Crypt |   3151 |   2849 |    302 |    245 |   1487 |   3 | 1050.3 |
        Depths |   6261 |   5446 |    815 |    457 |   3017 |   4 | 1565.2 |
           Zot |   1232 |   1174 |     58 |    281 |     83 |   5 |  246.4 |
         Trove |     93 |     93 |      0 |      0 |     10 |   1 |   93.0 |
         Sewer |    846 |    846 |      0 |     16 |    481 |   1 |  846.0 |
    Desolation |    926 |    926 |      0 |     39 |      0 |   1 |  926.0 |
      Gauntlet |    206 |    206 |      0 |      0 |     12 |   1 |  206.0 |
               +--------+--------+--------+--------+--------+-----+--------+

Top non-repeatable levels by time:
   Orc:2: 2886 daAuts
    D:11: 2339 daAuts
  Lair:5: 2333 daAuts
Vaults:5: 2219 daAuts
     D:2: 2172 daAuts
   Elf:3: 2057 daAuts
Spider:4: 2040 daAuts
Depths:3: 2007 daAuts
    D:10: 1797 daAuts
     D:4: 1733 daAuts
Vaults:1: 1715 daAuts
  Lair:4: 1710 daAuts
     D:5: 1683 daAuts
Spider:1: 1670 daAuts
  Lair:1: 1658 daAuts
